| TOP OF THE 1ST |
|
Colorado Springs Sky Sox batting - Pitching for Lehigh Valley IronPigs : RHP Brian Thomas
|
|
Pitching: RHP Brian Thomas
|
|
|
Batting: RHB Kennet Strijbis
|
0-0: Ball 1-0: Ball 2-0: Ball 3-0: Called Strike 3-1: Foul Ball, location: 2F 3-2: Foul Ball, location: 2F 3-2: DOUBLE (Line Drive, 7LM, EV 105.6 MPH)
|
|
Batting: RHB Devine Adams
|
0-0: Ball 1-0: Called Strike 1-1: Foul Ball, location: 2F 1-2: Fly out, F7 (Flyball, 78M, EV 90.0 MPH)
|
|
Batting: LHB Koson Hirai
|
0-0: Called Strike Kennet Strijbis steals 3rd base (no throw) 0-1: Foul Ball, location: 2F 0-2: Ball 1-2: Strikes out looking
|
|
Batting: RHB Bobby Bowman
|
0-0: Ball 1-0: Ball 2-0: Ball 3-0: Called Strike 3-1: Base on Balls
|
|
Batting: LHB Tony Ponce
|
0-0: Ball 1-0: Called Strike 1-1: Ball 2-1: Called Strike 2-2: Foul Ball, location: 2F 2-2: Ground out 4-3 (Groundball, 34, EV 85.0 MPH)
|
| Top of the 1st over - 0 runs, 1 hit, 0 errors, 2 left on base; Colorado Springs 0 - Lehigh Valley 0 |
| BOTTOM OF THE 1ST |
|
Lehigh Valley IronPigs batting - Pitching for Colorado Springs Sky Sox : LHP Jim McCutcheon
|
|
Pitching: LHP Jim McCutcheon
|
|
|
Batting: SHB Lance Franklin
|
0-0: Ball 1-0: Ball 2-0: Foul Ball, location: 2F 2-1: Ground out 4-3 (Groundball, 4, EV 93.1 MPH)
|
|
Batting: LHB Chad Persaud
|
0-0: Called Strike 0-1: Ground out 5-3 (Groundball, 56, EV 88.1 MPH)
|
|
Batting: RHB Julian Nijhuis
|
0-0: Swinging Strike 0-1: Ball 1-1: Called Strike 1-2: SINGLE (Flyball, 6D, EV 88.1 MPH)
|
|
Batting: RHB Young-tae Yoo
|
0-0: Ball 1-0: Fielders Choice at 2nd, 5-4 (Groundball, 56, EV 87.5 MPH)
|
| Bottom of the 1st over - 0 runs, 1 hit, 0 errors, 1 left on base; Colorado Springs 0 - Lehigh Valley 0 |
| TOP OF THE 2ND |
|
Colorado Springs Sky Sox batting - Pitching for Lehigh Valley IronPigs : RHP Brian Thomas
|
|
Batting: RHB Orlando Fernandez
|
0-0: Called Strike 0-1: Foul Ball, location: 2F 0-2: Strikes out swinging
|
|
Batting: RHB R.J. Anchondo
|
0-0: Called Strike 0-1: Ground out 3-1 (Groundball, 34, EV 85.0 MPH)
|
|
Batting: RHB Dwane Reed
|
0-0: Ball 1-0: Foul Ball, location: 2F 1-1: Foul Ball, location: 2F 1-2: Ball 2-2: Foul Ball, location: 2F 2-2: Foul Ball, location: 2F 2-2: Fly out, F9 (Flyball, 9D, EV 75.0 MPH)
|
| Top of the 2nd over - 0 runs, 0 hits, 0 errors, 0 left on base; Colorado Springs 0 - Lehigh Valley 0 |
| BOTTOM OF THE 2ND |
|
Lehigh Valley IronPigs batting - Pitching for Colorado Springs Sky Sox : LHP Jim McCutcheon
|
|
Batting: RHB Chris Pounds
|
0-0: Ball 1-0: Called Strike 1-1: Ball 2-1: Ball 3-1: Called Strike 3-2: SINGLE (Line Drive, 9LS, EV 113.1 MPH)
|
|
Batting: RHB Josh Hensley
|
0-0: Ball 1-0: Fly out, F7 (Flyball, 7LS, EV 85.6 MPH)
|
|
Batting: LHB Tyler Allen
|
0-0: Ball 1-0: Grounds into double play, 3-6-3 (Groundball, 34, EV 97.5 MPH)
|
| Bottom of the 2nd over - 0 runs, 1 hit, 0 errors, 0 left on base; Colorado Springs 0 - Lehigh Valley 0 |
| TOP OF THE 3RD |
|
Colorado Springs Sky Sox batting - Pitching for Lehigh Valley IronPigs : RHP Brian Thomas
|
|
Batting: RHB Colin Lord
|
0-0: Ball 1-0: Ball 2-0: Ground out U3 (Groundball, 3L, EV 106.2 MPH)
|
|
Batting: RHB Kennet Strijbis
|
0-0: Called Strike 0-1: Swinging Strike 0-2: Foul Ball, location: 2F 0-2: Foul Ball, location: 2F 0-2: Foul Ball, location: 2F 0-2: Ball 1-2: Fly out, F9 (Flyball, 9S, EV 91.2 MPH)
|
|
Batting: RHB Devine Adams
|
0-0: Ball 1-0: Foul Ball, location: 2F 1-1: Ball 2-1: Ball 3-1: Fly out, F7 (Flyball, 7LS, EV 85.6 MPH)
|
| Top of the 3rd over - 0 runs, 0 hits, 0 errors, 0 left on base; Colorado Springs 0 - Lehigh Valley 0 |
| BOTTOM OF THE 3RD |
|
Lehigh Valley IronPigs batting - Pitching for Colorado Springs Sky Sox : LHP Jim McCutcheon
|
|
Batting: RHB Aaron Burress
|
0-0: Ball 1-0: Ball 2-0: Ground out 4-3 (Groundball, 4MS, EV 86.9 MPH)
|
|
Batting: SHB Cesar Arteaga
|
0-0: Swinging Strike 0-1: Ball 1-1: Swinging Strike 1-2: Ball 2-2: Strikes out swinging
|
|
Batting: SHB Lance Franklin
|
0-0: Called Strike 0-1: Foul Ball, location: 2F 0-2: Foul Ball, location: 2F 0-2: Ball 1-2: SINGLE (Line Drive, 89S, EV 93.8 MPH)
|
|
Batting: LHB Chad Persaud
|
0-0: Ball 1-0: Ball 2-0: SINGLE (Line Drive, 9LS, EV 93.8 MPH) Lance Franklin to second Runner from 2nd tries for 3rd, SAFE, throw by RF made to third
|
|
Batting: RHB Julian Nijhuis
|
0-0: Ground out 4-3 (Groundball, 4, EV 103.8 MPH)
|
| Bottom of the 3rd over - 0 runs, 2 hits, 0 errors, 2 left on base; Colorado Springs 0 - Lehigh Valley 0 |
| TOP OF THE 4TH |
|
Colorado Springs Sky Sox batting - Pitching for Lehigh Valley IronPigs : RHP Brian Thomas
|
|
Batting: LHB Koson Hirai
|
0-0: Called Strike 0-1: Called Strike 0-2: Strikes out swinging
|
|
Batting: RHB Bobby Bowman
|
0-0: Ball 1-0: Fly out, F5 (Popup, 5S, EV 71.2 MPH)
|
|
Batting: LHB Tony Ponce
|
0-0: Called Strike 0-1: Ball 1-1: Ball 2-1: Ground out 4-3 (Groundball, 34, EV 90.6 MPH)
|
| Top of the 4th over - 0 runs, 0 hits, 0 errors, 0 left on base; Colorado Springs 0 - Lehigh Valley 0 |
| BOTTOM OF THE 4TH |
|
Lehigh Valley IronPigs batting - Pitching for Colorado Springs Sky Sox : LHP Jim McCutcheon
|
|
Batting: RHB Young-tae Yoo
|
0-0: Foul Ball, location: 2F 0-1: Ball 1-1: Ball 2-1: Ball 3-1: Foul Ball, location: 2F 3-2: SINGLE (Groundball, 6MD, EV 111.2 MPH)
|
|
Batting: RHB Chris Pounds
|
0-0: Foul Ball, location: 2F 0-1: Swinging Strike 0-2: Strikes out looking
|
|
Batting: RHB Josh Hensley
|
0-0: Ball 1-0: DOUBLE (Flyball, 89XD, EV 106.9 MPH) Young-tae Yoo to third
|
|
Batting: LHB Tyler Allen
|
0-0: Called Strike 0-1: Fly out, F7 (Flyball, 7D, EV 90.6 MPH) Runner from 3rd tags up, SCORES, throw by LF Josh Hensley to third
|
|
Batting: RHB Aaron Burress
|
0-0: Ball 1-0: Ground out 6-3 (Groundball, 6, EV 85.6 MPH)
|
| Bottom of the 4th over - 1 run, 2 hits, 0 errors, 1 left on base; Colorado Springs 0 - Lehigh Valley 1 |
| TOP OF THE 5TH |
|
Colorado Springs Sky Sox batting - Pitching for Lehigh Valley IronPigs : RHP Brian Thomas
|
|
Batting: RHB Orlando Fernandez
|
0-0: Ball 1-0: Foul Ball, location: 2F 1-1: Ball 2-1: Foul Ball, location: 2F 2-2: Foul Ball, location: 2F 2-2: Foul Ball, location: 2F 2-2: Ground out 6-3 (Groundball, 6, EV 84.4 MPH)
|
|
Batting: RHB R.J. Anchondo
|
0-0: Ball 1-0: Ball 2-0: Ball 3-0: Called Strike 3-1: Ground out 6-3 (Groundball, 6, EV 93.8 MPH)
|
|
Batting: RHB Dwane Reed
|
0-0: Called Strike 0-1: Called Strike 0-2: Strikes out looking
|
| Top of the 5th over - 0 runs, 0 hits, 0 errors, 0 left on base; Colorado Springs 0 - Lehigh Valley 1 |
| BOTTOM OF THE 5TH |
|
Lehigh Valley IronPigs batting - Pitching for Colorado Springs Sky Sox : LHP Jim McCutcheon
|
|
Batting: SHB Cesar Arteaga
|
0-0: Swinging Strike 0-1: Ball 1-1: Ball 2-1: Ground out 6-3 (Groundball, 6, EV 100.0 MPH)
|
|
Batting: SHB Lance Franklin
|
0-0: Called Strike 0-1: Ball 1-1: Ball 2-1: Ball 3-1: Foul Ball, location: 2F 3-2: Ground out 4-3 (Groundball, 4, EV 102.5 MPH)
|
|
Batting: LHB Chad Persaud
|
0-0: Ball 1-0: Ball 2-0: Ground out 4-3 (Groundball, 34, EV 83.8 MPH)
|
| Bottom of the 5th over - 0 runs, 0 hits, 0 errors, 0 left on base; Colorado Springs 0 - Lehigh Valley 1 |
| TOP OF THE 6TH |
|
Colorado Springs Sky Sox batting - Pitching for Lehigh Valley IronPigs : RHP Brian Thomas
|
|
Batting: RHB Colin Lord
|
0-0: Swinging Strike 0-1: SINGLE (Groundball, 5S, EV 71.9 MPH) (infield hit)
|
|
Batting: RHB Kennet Strijbis
|
0-0: Fielders Choice at 2nd, 2-6 (Groundball, 2R, EV 68.8 MPH)
|
|
Batting: RHB Devine Adams
|
0-0: Called Strike 0-1: Ball 1-1: Foul Ball, location: 2F 1-2: Foul Ball, location: 2F 1-2: Strikes out swinging
|
|
Batting: LHB Koson Hirai
|
0-0: Ball 1-0: Called Strike Kennet Strijbis steals 2nd, throwing error, E2 Kennet Strijbis to third 1-1: Ground out U3 (Groundball, 3S, EV 84.4 MPH)
|
| Top of the 6th over - 0 runs, 1 hit, 1 error, 1 left on base; Colorado Springs 0 - Lehigh Valley 1 |
| BOTTOM OF THE 6TH |
|
Lehigh Valley IronPigs batting - Pitching for Colorado Springs Sky Sox : LHP Jim McCutcheon
|
|
Batting: RHB Julian Nijhuis
|
0-0: Swinging Strike 0-1: Fly out, F8 (Flyball, 8LD, EV 86.9 MPH)
|
|
Batting: RHB Young-tae Yoo
|
0-0: Ball 1-0: SINGLE (Groundball, 56D, EV 98.1 MPH)
|
|
Batting: RHB Chris Pounds
|
0-0: Foul Ball, location: 2F 0-1: Foul Ball, location: 2F 0-2: Strikes out swinging
|
|
Batting: RHB Josh Hensley
|
0-0: Called Strike 0-1: Ball 1-1: Ball 2-1: Ball 3-1: Base on Balls Young-tae Yoo to second
|
|
Batting: LHB Tyler Allen
|
0-0: Ball 1-0: Called Strike 1-1: Ball 2-1: Foul Ball, location: 2F 2-2: Ball Wild Pitch! Young-tae Yoo to third Josh Hensley to second 3-2: Ground out U3 (Groundball, 3, EV 103.8 MPH)
|
| Bottom of the 6th over - 0 runs, 1 hit, 0 errors, 2 left on base; Colorado Springs 0 - Lehigh Valley 1 |
| TOP OF THE 7TH |
|
Colorado Springs Sky Sox batting - Pitching for Lehigh Valley IronPigs : RHP Brian Thomas
|
|
Batting: RHB Bobby Bowman
|
0-0: Called Strike 0-1: SINGLE (Line Drive, 56D, EV 103.1 MPH)
|
|
Batting: LHB Tony Ponce
|
0-0: Ball 1-0: Called Strike 1-1: Ball 2-1: Fly out, F7 (Flyball, 78D, EV 98.1 MPH)
|
|
Batting: RHB Orlando Fernandez
|
0-0: Foul Ball, location: 2F 0-1: Foul Ball, location: 2F 0-2: Ground out 5-3 (Groundball, 56S, EV 69.4 MPH) Bobby Bowman to second
|
|
Batting: RHB R.J. Anchondo
|
0-0: Ball 1-0: Ground out 5-3 (Groundball, 56, EV 110.6 MPH)
|
| Top of the 7th over - 0 runs, 1 hit, 0 errors, 1 left on base; Colorado Springs 0 - Lehigh Valley 1 |
| BOTTOM OF THE 7TH |
|
Lehigh Valley IronPigs batting - Pitching for Colorado Springs Sky Sox : LHP Jim McCutcheon
|
|
Batting: RHB Aaron Burress
|
0-0: Ball 1-0: Fly out, F8 (Flyball, 8LM, EV 90.0 MPH)
|
|
Batting: SHB Cesar Arteaga
|
0-0: Called Strike 0-1: Ball 1-1: SINGLE (Line Drive, 56, EV 103.1 MPH)
|
|
Pitching: RHP Dave Alfonso
|
|
|
Batting: SHB Lance Franklin
|
0-0: Ball 1-0: Swinging Strike 1-1: Grounds into double play, 6-4-3 (Groundball, 6M, EV 106.9 MPH)
|
| Bottom of the 7th over - 0 runs, 1 hit, 0 errors, 0 left on base; Colorado Springs 0 - Lehigh Valley 1 |
| TOP OF THE 8TH |
|
Colorado Springs Sky Sox batting - Pitching for Lehigh Valley IronPigs : RHP Brian Thomas
|
|
Now at 2B: Lance Franklin
|
|
|
Now at 3B: Julian Nijhuis
|
|
|
Now at SS: Cesar Arteaga
|
|
|
Now in RF: Matt Sanders
|
|
|
Batting: RHB Dwane Reed
|
0-0: Called Strike 0-1: Foul Ball, location: 2F 0-2: Ball 1-2: Foul Ball, location: 2F 1-2: Ball 2-2: Ground out 6-3 (Groundball, 56S, EV 92.5 MPH)
|
|
Pitching: RHP Nick Turner
|
|
|
Batting: RHB Colin Lord
|
0-0: Called Strike 0-1: Ball 1-1: Called Strike 1-2: Ball 2-2: Ball 3-2: Base on Balls
|
|
Batting: RHB Kennet Strijbis
|
0-0: SINGLE (Groundball, 4M, EV 103.8 MPH) (infield hit) Colin Lord to second
|
|
Batting: RHB Devine Adams
|
0-0: Called Strike 0-1: Swinging Strike 0-2: Strikes out swinging
|
|
Batting: LHB Koson Hirai
|
0-0: Ball 1-0: Called Strike 1-1: Swinging Strike 1-2: Foul Ball, location: 2F 1-2: Ball 2-2: Strikes out swinging
|
| Top of the 8th over - 0 runs, 1 hit, 0 errors, 2 left on base; Colorado Springs 0 - Lehigh Valley 1 |
| BOTTOM OF THE 8TH |
|
Lehigh Valley IronPigs batting - Pitching for Colorado Springs Sky Sox : RHP Dave Alfonso
|
|
Batting: LHB Chad Persaud
|
0-0: Ball 1-0: Fly out, F9 (Flyball, 9, EV 92.5 MPH)
|
|
Batting: RHB Julian Nijhuis
|
0-0: Ball 1-0: Foul Ball, location: 2F 1-1: Foul Ball, location: 2F 1-2: Ball 2-2: Foul Ball, location: 2F 2-2: Ground out 5-3 (Groundball, 56, EV 90.0 MPH)
|
|
Batting: RHB Young-tae Yoo
|
0-0: Ball 1-0: Ball 2-0: Ball 3-0: Base on Balls
|
|
Batting: RHB Chris Pounds
|
0-0: Called Strike 0-1: Ball 1-1: SINGLE (Line Drive, 4MD, EV 95.0 MPH) Young-tae Yoo to second
|
|
Batting: RHB Matt Sanders
|
0-0: Ball 1-0: SINGLE (Flyball, 7S, EV 91.2 MPH) Young-tae Yoo to third Chris Pounds to second Runner from 3rd tries for Home, SAFE, throw by LF to home
|
|
Batting: LHB Tyler Allen
|
0-0: Ball 1-0: Ball 2-0: Called Strike 2-1: Fielders Choice at 2nd, 5-4 (Groundball, 5, EV 84.4 MPH)
|
| Bottom of the 8th over - 1 run, 2 hits, 0 errors, 2 left on base; Colorado Springs 0 - Lehigh Valley 2 |
| TOP OF THE 9TH |
|
Colorado Springs Sky Sox batting - Pitching for Lehigh Valley IronPigs : RHP Nick Turner
|
|
Pitching: RHP Jamie Verberkmoes
|
|
|
Now at 1B: Jose Marroquin
|
|
|
Batting: RHB Bobby Bowman
|
0-0: Ball 1-0: Ball 2-0: Ball 3-0: Called Strike 3-1: Foul Ball, location: 2F 3-2: Base on Balls
|
|
Batting: LHB Tony Ponce
|
0-0: Foul Ball, location: 2F 0-1: Ball 1-1: Grounds into double play, 4-6-3 (Groundball, 34, EV 85.6 MPH)
|
|
Batting: RHB Orlando Fernandez
|
0-0: Called Strike 0-1: Ground out 6-3 (Groundball, 56, EV 103.8 MPH)
|
| Top of the 9th over - 0 runs, 0 hits, 0 errors, 0 left on base; Colorado Springs 0 - Lehigh Valley 2 |
|